[Event "Gibraltar Masters 18th"]
[Site "Gibraltar"]
[Date "2020.01.22"]
[Round "2.2"]
[White "Flom, Gabriel"]
[Black "Vachier-Lagrave, Maxime"]
[Result "1/2-1/2"]
[ECO "D85"]
[WhiteElo "2510"]
[BlackElo "2770"]
[PlyCount "105"]
[EventDate "2020.01.21"]
[EventType "swiss"]
[EventRounds "10"]
[EventCountry "GGB"]
[SourceTitle "BritBase"]
[Source "John Saunders"]
[SourceDate "2021.06.05"]
[SourceVersion "1"]
[SourceVersionDate "2021.06.05"]
[SourceQuality "1"]
[TimeControl "40/100:0"]
[WhiteClock "0:29:22"]
[BlackClock "0:44:12"]

1. d4 Nf6 2. c4 g6 3. Nc3 d5 4. cxd5 Nxd5 5. e4 Nxc3 6. bxc3 Bg7 7. Nf3 c5 8. Be3 Qa5 9. Qd2 Nc6 10. Rb1 a6 11. Rc1 cxd4 12. cxd4 Qxd2+ 13. Kxd2 e6 14. Bd3 O-O 15. e5 h6 16. h4 Rd8 17. h5 g5 18. Nxg5 Nxd4 19. Nf3 Nxf3+ 20. gxf3 Bd7 21. Rhg1 Bb5 22. Rc3 Kh8 23. f4 Rd5 24. Kc2 Bxd3+ 25. Rxd3 Rc8+ 26. Kd2 Rcd8 27. Rxd5 Rxd5+ 28.
Kc2 f6 29. Rg6 fxe5 30. fxe5 Bxe5 31. Rxh6+ Kg8 32. Rxe6 Bd4 33. Rg6+ Kh7 34. Bxd4 Rxd4 35. Rb6 Rf4 36. Rxb7+ Kh8 37. Kb3 Rxf2 38. a4 a5 39. Rb5 Rf3+ 40. Kc2 Rf4 41. Rxa5 Kh7 42. Ra6 Rf2+ 43. Kd3 Rf4 44. Ke3 Rb4 45. a5 Rb5 46. Ra7+ Kh6 47. a6 Rb6 48. Ra8 Kh7 49. Kd4 Kg7 50. Ke5 Rc6 51. Kd5 Rf6 52. Ke5 Rc6 53. Kd5 1/2-1/2

[Event "Gibraltar Masters 18th"]
[Site "Gibraltar"]
[Date "2020.01.22"]
[Round "2.3"]
[White "Wang, Hao"]
[Black "Petrov, Martin"]
[Result "1/2-1/2"]
[ECO "B90"]
[WhiteElo "2758"]
[BlackElo "2504"]
[PlyCount "119"]
[EventDate "2020.01.21"]
[EventType "swiss"]
[EventRounds "10"]
[EventCountry "GGB"]
[SourceTitle "BritBase"]
[Source "John Saunders"]
[SourceDate "2021.06.05"]
[SourceVersion "1"]
[SourceVersionDate "2021.06.05"]
[SourceQuality "1"]
[TimeControl "40/100:0"]
[WhiteClock "0:37:43"]
[BlackClock "0:13:02"]

1. e4 c5 2. Nf3 d6 3. d4 cxd4 4. Nxd4 Nf6 5. Nc3 a6 6. Be3 e5 7. Nb3 Be7 8. f3 Be6 9. Qd2 O-O 10. O-O-O Nbd7 11. g4 b5 12. g5 b4 13. Na4 Nh5 14. Qxb4 d5 15. Qa5 Bxg5 16. Bxg5 Qxg5+ 17. Kb1 dxe4 18. Nd4 Qd8 19. Qxd8 Rfxd8 20. Nxe6 fxe6 21. Bc4 Ndf6 22. fxe4 Nxe4 23. Rxd8+ Rxd8 24. Bxa6 Nf4 25. b3 g5 26. Bb7 Nd6 27. Nc5 g4 28. a4 Rb8 29. Ba6 Kf7 30. Re1 h5 31. Nd7 Rg8 32. Rf1 Rg5 33.
Bd3 Ke7 34. Nxe5 Nxd3 35. Nxd3 e5 36. Kc1 e4 37. Nf4 h4 38.
Kd2 Kd7 39. Ke2 Kc6 40. Ra1 g3 41. h3 Nf5 42. Rd1 g2 43.
Rg1 Nd4+ 44. Ke3 Nxc2+ 45. Kxe4 Rg3 46. Rxg2 Re3+ 47. Kf5 Nd4+ 48. Kf6 Rxb3 49. Rg4 Nf3 50. Ne6 Kb6 51. Kf5 Ka5 52. Rg8 Ra3 53. Kg4 Ng1 54. Ra8+ Kb4 55. Nf4 Rxa4 56. Rf8 Kc5 57. Kxh4 Ne2 58. Kg5 Nxf4 59. Rxf4 Rxf4 60. Kxf4 1/2-1/2

[Event "Gibraltar Masters 18th"]
[Site "Gibraltar"]
[Date "2020.01.22"]
[Round "2.4"]
[White "Barbosa, Evandro Amorim"]
[Black "Topalov, Veselin"]
[Result "1/2-1/2"]
[ECO "C47"]
[WhiteElo "2501"]
[BlackElo "2738"]
[PlyCount "62"]
[EventDate "2020.01.21"]
[EventType "swiss"]
[EventRounds "10"]
[EventCountry "GGB"]
[SourceTitle "BritBase"]
[Source "John Saunders"]
[SourceDate "2021.06.05"]
[SourceVersion "1"]
[SourceVersionDate "2021.06.05"]
[SourceQuality "1"]
[TimeControl "40/100:0"]
[WhiteClock "0:12:10"]
[BlackClock "0:45:09"]

1. e4 e5 2. Nf3 Nc6 3. Nc3 Nf6 4. d4 exd4 5. Nxd4 Bb4 6.
Nxc6 bxc6 7. Bd3 O-O 8. O-O d5 9. exd5 cxd5 10. Bg5 c6 11.
Qf3 Rb8 12. Ne2 Bg4 13. Bxf6 Bxf3 14. Bxd8 Bxe2 15. Bxe2 Rfxd8 16. Rad1 a5 17. Rd3 Re8 18. Bf3 g6 19. g3 Re6 20. Kg2 Kg7 21. Rc1 Bc5 22. b3 h5 23. h4 a4 24. Rd2 Kf6 25. c4 d4 26.
bxa4 Ke7 27. Rcc2 Ra8 28. Rb2 Rxa4 29. Rb7+ Kf6 30. Rc7 Rxc4 31. Rxc6 Rxc6 1/2-1/2

[Event "Gibraltar Masters 18th"]
[Site "Gibraltar"]
[Date "2020.01.22"]
[Round "2.5"]
[White "Navara, David"]
[Black "Lei, Tingjie"]
[Result "1/2-1/2"]
[ECO "C54"]
[WhiteElo "2717"]
[BlackElo "2493"]
[PlyCount "80"]
[EventDate "2020.01.21"]
[EventType "swiss"]
[EventRounds "10"]
[EventCountry "GGB"]
[SourceTitle "BritBase"]
[Source "John Saunders"]
[SourceDate "2021.06.05"]
[SourceVersion "1"]
[SourceVersionDate "2021.06.05"]
[SourceQuality "1"]
[TimeControl "40/100:0"]
[WhiteClock "0:24:11"]
[BlackClock "0:04:29"]

1. e4 e5 2. Bc4 Nf6 3. d3 Nc6 4. Nf3 Bc5 5. c3 h6 6. b4 Bb6 7. a4 a6 8. O-O O-O 9. h3 d6 10. Na3 Ne7 11. Bb3 c6 12. Re1 Ng6 13.
Be3 Bc7 14. c4 d5 15. cxd5 cxd5 16. exd5 Nxd5 17. Bxd5 Qxd5 18.
Rc1 Qd8 19. Qc2 Bd6 20. Qb2 a5 21. bxa5 Bxa3 22. Qxa3 Qxa5 23. Bc5 Re8 24. Qb2 Bf5 25. Nxe5 Nxe5 26. Rxe5 Rxe5 27. Qxe5 Bxd3 28. Qd5 b6 29. Qxd3 bxc5 30. Rc4 Re8 31. Qf3 Re6 32. g3 Re1+ 33. Kh2 Re5 34. h4 h5 35. Rf4 Qc7 36. a5 c4 37. a6 c3 38. Ra4 Qa7 39. Ra2 c2 40. Rxc2 Qxa6 1/2-1/2

[Event "Gibraltar Masters 18th"]
[Site "Gibraltar"]
[Date "2020.01.22"]
[Round "2.6"]
[White "Tan, Zhongyi"]
[Black "Le, Quang Liem"]
[Result "0-1"]
[ECO "E36"]
[WhiteElo "2493"]
[BlackElo "2713"]
[PlyCount "134"]
[EventDate "2020.01.21"]
[EventType "swiss"]
[EventRounds "10"]
[EventCountry "GGB"]
[SourceTitle "BritBase"]
[Source "John Saunders"]
[SourceDate "2021.06.05"]
[SourceVersion "1"]
[SourceVersionDate "2021.06.05"]
[SourceQuality "1"]
[TimeControl "40/100:0"]
[WhiteClock "0:09:00"]
[BlackClock "0:05:24"]

1. d4 Nf6 2. c4 e6 3. Nc3 Bb4 4. Qc2 d5 5. a3 Bxc3+ 6. Qxc3 O-O 7. Bg5 c5 8. e3 cxd4 9. Qxd4 Nc6 10. Qc3 d4 11. exd4 Qxd4 12. Ne2 Qe5 13.
Bxf6 Qxf6 14. Qxf6 gxf6 15. O-O-O e5 16. Ng3 Be6 17. f4 Rfd8 18. Rxd8+ Rxd8 19. Nh5 Rd4 20. Nxf6+ Kg7 21. fxe5 Nxe5 22. Nd5 Nxc4 23. Bxc4 Rxc4+ 24. Nc3 Bd5 25. Rg1 Bc6 26. g3 f5 27. Kd2 Kf6 28. Kd3 Rg4 29. Rf1 Kg5 30. Ke3 h5 31. Rf2 h4 32. Ne2 hxg3 33.
hxg3 Re4+ 34. Kd2 Kg4 35. Nc3 Re5 36. Ne2 Bf3 37. Nd4 Be4 38.
Rf4+ Kxg3 39. Ne2+ Kg2 40. Nd4 a5 41. b3 Bb1 42. Ne2 Be4 43.
Nd4 Rc5 44. Ke1 Rd5 45. Rf2+ Kg3 46. Ne2+ Kg4 47. Rf1 Rd3 48. Rg1+ Kh4 49. Nc1 Rf3 50. Rg8 Rc3 51. Kd2 Rc2+ 52. Kd1 Rc5 53. Ne2 Bf3 54. Kd2 Bxe2 55. Kxe2 Rc3 56. b4 Rxa3 57. bxa5 Rxa5 58. Kf3 Ra4 59. Rg1 Rb4 60. Rg7 Kh5 61. Rg8 b5 62. Rh8+ Kg5 63. Rg8+ Kf6 64. Rf8+ Ke5 65. Re8+ Kd6 66. Rf8 f4 67. Rf5 Kc6 0-1

[Event "Gibraltar Masters 18th"]
[Site "Gibraltar"]
[Date "2020.01.22"]
[Round "2.7"]
[White "Alekseenko, Kirill"]
[Black "Henderson De La Fuente, Lance"]
[Result "1-0"]
[ECO "B30"]
[WhiteElo "2704"]
[BlackElo "2492"]
[PlyCount "59"]
[EventDate "2020.01.21"]
[EventType "swiss"]
[EventRounds "10"]
[EventCountry "GGB"]
[SourceTitle "BritBase"]
[Source "John Saunders"]
[SourceDate "2021.06.05"]
[SourceVersion "1"]
[SourceVersionDate "2021.06.05"]
[SourceQuality "1"]
[TimeControl "40/100:0"]
[WhiteClock "0:27:18"]
[BlackClock "0:01:18"]

1. e4 c5 2. Nf3 Nc6 3. Nc3 e5 4. Bc4 Be7 5. d3 d6 6. Nd2 Nf6 7. Nf1 O-O 8. Ne3 Nd7 9. Ned5 Nb6 10. Nxb6 axb6 11. O-O Bg5 12. Bxg5 Qxg5 13. Nd5 Qd8 14. c3 Na5 15. Ne3 Be6 16. Bd5 b5 17. f4 exf4 18. Rxf4 Qd7 19. Qh5 Nc6 20. Raf1 Ne5 21. Rh4 h6 22. Nf5 Bxd5 23. exd5 Ng6 24. Rh3 Rxa2 25. Nxh6+ gxh6 26. Qxh6 Qxh3 27. Qxh3 Rxb2 28. Qg3 Rc2 29. h4 Kh7 30. Qxd6 1-0

[Event "Gibraltar Masters 18th"]
[Site "Gibraltar"]
[Date "2020.01.22"]
[Round "2.9"]
[White "Gagare, Shardul"]
[Black "Adams, Michael"]
[Result "1/2-1/2"]
[ECO "C54"]
[WhiteElo "2481"]
[BlackElo "2694"]
[PlyCount "92"]
[EventDate "2020.01.21"]
[EventType "swiss"]
[EventRounds "10"]
[EventCountry "GGB"]
[SourceTitle "BritBase"]
[Source "John Saunders"]
[SourceDate "2021.06.05"]
[SourceVersion "1"]
[SourceVersionDate "2021.06.05"]
[SourceQuality "1"]
[TimeControl "40/100:0"]
[WhiteClock "0:32:10"]
[BlackClock "0:58:34"]

1. e4 e5 2. Bc4 Nf6 3. d3 Nc6 4. Nf3 Bc5 5. c3 d6 6. Nbd2 O-O 7. h3 Ne7 8. O-O Ng6 9. Re1 c6 10. d4 Bb6 11. Bb3 exd4 12. cxd4 d5 13.
exd5 Nxd5 14. Nc4 Bc7 15. Bg5 f6 16. Bd2 a5 17. a4 Kh8 18.
Bc2 Re8 19. Rxe8+ Qxe8 20. Ne3 Be6 21. Qf1 Qd7 22. Nxd5 Bxd5 23. Qd3 Bxf3 24. Qxf3 Qxd4 25. Bc3 Qf4 26. Qxf4 Nxf4 27. Rd1 Nd5 28. Be4 Rd8 29. Bxd5 Rxd5 30. Rxd5 cxd5 31. b3 h5 32. g4 Kh7 33. f3 Kg6 34. Kg2 Bb6 35. Bd2 f5 36. Kf1 hxg4 37. hxg4 Kf6 38. Ke2 fxg4 39. fxg4 Ke5 40. Kd3 g6 41. Bg5 Bc5 42. Bd2 Bb4 43.
Bg5 Be1 44. Be3 Bh4 45. Bd2 Bf2 46. Ke2 Bb6 1/2-1/2

[Event "Gibraltar Masters 18th"]
[Site "Gibraltar"]
[Date "2020.01.22"]
[Round "2.10"]
[White "Cheparinov, Ivan"]
[Black "Abergel, Thal"]
[Result "1-0"]
[ECO "E80"]
[WhiteElo "2686"]
[BlackElo "2478"]
[PlyCount "73"]
[EventDate "2020.01.21"]
[EventType "swiss"]
[EventRounds "10"]
[EventCountry "GGB"]
[SourceTitle "BritBase"]
[Source "John Saunders"]
[SourceDate "2021.06.05"]
[SourceVersion "1"]
[SourceVersionDate "2021.06.05"]
[SourceQuality "1"]
[TimeControl "40/100:0"]
[WhiteClock "0:08:39"]
[BlackClock "0:01:47"]

1. d4 Nf6 2. c4 c5 3. d5 g6 4. Nc3 Bg7 5. e4 d6 6. f3 e6 7. Nge2 exd5 8. cxd5 Nbd7 9. Ng3 h5 10. Be2 Nh7 11. Nf1 O-O 12. Ne3 Qe7 13. a4 Ne5 14. O-O f5 15.
f4 Ng4 16. Nxg4 hxg4 17. e5 dxe5 18. Bc4 Qf7 19. Qb3 Re8 20.
Nb5 Bd7 21. Nc7 Qf8 22. d6+ Kh8 23. Nxa8 Rxa8 24. Qxb7 Rd8 25. Rd1 exf4 26. Bxf4 g5 27. Be3 Qe8 28. Bxc5 Rb8 29. Qc7 Rc8 30. Re1 Be5 31. Qxa7 Nf6 32. Bd4 Ne4 33. Bf7 Qxf7 34. Bxe5+ Kg8 35. Rac1 Rxc1 36. Rxc1 Qb3 37. Rc8+ 1-0

[Event "Gibraltar Masters 18th"]
[Site "Gibraltar"]
[Date "2020.01.22"]
[Round "2.11"]
[White "Maghsoodloo, Parham"]
[Black "Quintiliano Pinto, Renato R"]
[Result "1-0"]
[ECO "B23"]
[WhiteElo "2674"]
[BlackElo "2471"]
[PlyCount "37"]
[EventDate "2020.01.21"]
[EventType "swiss"]
[EventRounds "10"]
[EventCountry "GGB"]
[SourceTitle "BritBase"]
[Source "John Saunders"]
[SourceDate "2021.06.05"]
[SourceVersion "1"]
[SourceVersionDate "2021.06.05"]
[SourceQuality "1"]
[TimeControl "40/100:0"]
[WhiteClock "0:59:09"]
[BlackClock "0:12:25"]

1. e4 c5 2. Nc3 Nc6 3. Bb5 Nd4 4. Nf3 a6 5. Bd3 Nc6 6. O-O g6 7. e5 Bg7 8. Re1 f6 9. Be4 fxe5 10. Bxc6 bxc6 11. Nxe5 Nf6 12. d4 cxd4 13. Qxd4 O-O 14. Bg5 Qe8 15. Rad1 Kh8 16. Qb6 h6 17. Bh4 e6 18. Bxf6 Rxf6 19. Ne4 1-0

[Event "Gibraltar Masters 18th"]
[Site "Gibraltar"]
[Date "2020.01.22"]
[Round "2.12"]
[White "Di Berardino, Diego Rafael"]
[Black "Saric, Ivan"]
[Result "1/2-1/2"]
[ECO "D11"]
[WhiteElo "2478"]
[BlackElo "2655"]
[PlyCount "82"]
[EventDate "2020.01.21"]
[EventType "swiss"]
[EventRounds "10"]
[EventCountry "GGB"]
[SourceTitle "BritBase"]
[Source "John Saunders"]
[SourceDate "2021.06.05"]
[SourceVersion "1"]
[SourceVersionDate "2021.06.05"]
[SourceQuality "1"]
[TimeControl "40/100:0"]
[WhiteClock "0:03:14"]
[BlackClock "0:45:50"]

1. d4 d5 2. c4 c6 3. Nf3 Nf6 4. g3 Bf5 5. Nc3 e6 6. Nh4 dxc4 7. Nxf5 exf5 8.
e3 Nbd7 9. Bxc4 Nb6 10. Bb3 Be7 11. O-O O-O 12. a3 Qd7 13.
Qf3 a5 14. Bd2 Rfe8 15. Rfd1 Bf8 16. Be1 Red8 17. Ne2 Nbd5 18. Nc1 Ne4 19. Nd3 Bd6 20. Rac1 Qe6 21. Nc5 Bxc5 22. dxc5 g5 23. Qg2 g4 24. h4 a4 25. Ba2 Qe5 26. Rd4 Nc7 27. Rcd1 Rxd4 28. Rxd4 Ne6 29. Bxe6 fxe6 30. Qf1 Qxc5 31. Qd3 Qf8 32. Bc3 h5 33. Qc4 Qe7 34. Qd3 Qf8 35. Qc4 Qe7 36. Qd3 Nxc3 37. Qxc3 c5 38. Rd3 Rd8 39. Rxd8+ Qxd8 40. Qxc5 Qd1+ 41. Kh2 Qf3 1/2-1/2

[Event "Gibraltar Masters 18th"]
[Site "Gibraltar"]
[Date "2020.01.22"]
[Round "2.13"]
[White "Girya, Olga"]
[Black "Esipenko, Andrey"]
[Result "0-1"]
[ECO "E15"]
[WhiteElo "2477"]
[BlackElo "2654"]
[PlyCount "90"]
[EventDate "2020.01.21"]
[EventType "swiss"]
[EventRounds "10"]
[EventCountry "GGB"]
[SourceTitle "BritBase"]
[Source "John Saunders"]
[SourceDate "2021.06.05"]
[SourceVersion "1"]
[SourceVersionDate "2021.06.05"]
[SourceQuality "1"]
[TimeControl "40/100:0"]
[WhiteClock "0:49:45"]
[BlackClock "0:53:13"]

1. d4 Nf6 2. c4 e6 3. Nf3 b6 4. g3 Ba6 5. b3 Bb4+ 6. Bd2 Be7 7. Nc3 d5 8.
cxd5 exd5 9. Bg2 O-O 10. O-O Nbd7 11. Ne5 Bb7 12. Bc1 Re8 13. Bb2 Bd6 14. f4 c5 15. e3 cxd4 16. exd4 a6 17. a4 Bb4 18. Rc1 Bxc3 19. Rxc3 Ne4 20. Rc2 Nf8 21. Bh3 f6 22. Nc6 Qd6 23. Qc1 Ne6 24. Ba3 Qd7 25. Ne5 Qd8 26. Bxe6+ Rxe6 27. Rc7 Rc8 28. Rxc8 Bxc8 29. f5 Re8 30. Nd3 a5 31. Qc6 Ba6 32. Rd1 Bxd3 33. Rxd3 h5 34. h4 Kh7 35. Kg2 Qc8 36. Qxc8 Rxc8 37. b4 Rc2+ 38. Kg1 Rc4 39. bxa5 bxa5 40. Bf8 Kg8 41. Bc5 Rxa4 42. Rb3 Ra1+ 43. Kg2 Ra2+ 44. Kg1 a4 45. Rb8+ Kh7 0-1

[Event "Gibraltar Masters 18th"]
[Site "Gibraltar"]
[Date "2020.01.22"]
[Round "2.14"]
[White "Lagarde, Maxime"]
[Black "Stefanova, Antoaneta"]
[Result "1-0"]
[ECO "C95"]
[WhiteElo "2651"]
[BlackElo "2469"]
[PlyCount "111"]
[EventDate "2020.01.21"]
[EventType "swiss"]
[EventRounds "10"]
[EventCountry "GGB"]
[SourceTitle "BritBase"]
[Source "John Saunders"]
[SourceDate "2021.06.05"]
[SourceVersion "1"]
[SourceVersionDate "2021.06.05"]
[SourceQuality "1"]
[TimeControl "40/100:0"]
[WhiteClock "0:50:53"]
[BlackClock "0:39:11"]

1. e4 e5 2. Nf3 Nc6 3. Bb5 a6 4. Ba4 Nf6 5. O-O Be7 6. Re1 b5 7. Bb3 d6 8. c3 O-O 9. h3 Nb8 10. d4 Nbd7 11. Nbd2 Bb7 12. Bc2 Re8 13. Nf1 Bf8 14. Ng3 g6 15. a4 Nb6 16. a5 Nbd7 17. d5 c6 18.
dxc6 Bxc6 19. b4 Qc7 20. Bb3 Bg7 21. Be3 Nf8 22. Bb6 Qe7 23.
Qd2 Ne6 24. Rad1 Bf8 25. c4 Qb7 26. c5 dxc5 27. Nxe5 c4 28.
Bc2 Rab8 29. Nxc6 Qxc6 30. e5 c3 31. Qc1 Nd7 32. Ne4 Kg7 33.
Nd6 Bxd6 34. Rxd6 Qc8 35. Be3 Kg8 36. f4 Ng7 37. Be4 Re6 38.
Ba7 Rb7 39. Bxb7 Qxb7 40.
Bd4 Re8 41. Bxc3 Nf5 42. Rd3 Nf8 43. Qd2 Ne6 44. Qf2 Qc6 45.
g4 Qc4 46. Rf3 Nfd4 47. Bxd4 Nxd4 48. Rfe3 Qxb4 49. Re4 Rd8 50. Rd1 Ne2+ 51. Kh2 Qxe4 52. Rxd8+ Kg7 53. Rd2 Nxf4 54. Rd4 Qxe5 55. Rxf4 g5 56. Qd4 1-0

[Event "Gibraltar Masters 18th"]
[Site "Gibraltar"]
[Date "2020.01.22"]
[Round "2.15"]
[White "Donchenko, Alexander"]
[Black "Gunina, Valentina"]
[Result "1-0"]
[ECO "E01"]
[WhiteElo "2647"]
[BlackElo "2461"]
[PlyCount "69"]
[EventDate "2020.01.21"]
[EventType "swiss"]
[EventRounds "10"]
[EventCountry "GGB"]
[SourceTitle "BritBase"]
[Source "John Saunders"]
[SourceDate "2021.06.05"]
[SourceVersion "1"]
[SourceVersionDate "2021.06.05"]
[SourceQuality "1"]
[TimeControl "40/100:0"]
[WhiteClock "0:14:45"]
[BlackClock "0:01:31"]

1. d4 Nf6 2. c4 e6 3. g3 Bb4+ 4. Nd2 d5 5. Bg2 O-O 6. Ngf3 Nc6 7. O-O b6 8. Qc2 Bb7 9. Rd1 a5 10. a3 Bxd2 11. Bxd2 a4 12. Rac1 Ne4 13. Bf4 f6 14. Ne1 Qe7 15. cxd5 exd5 16. Bxe4 dxe4 17. d5 Na5 18. Qxc7 Qe8 19. Qxb6 Qh5 20. Qe6+ Kh8 21. Qxe4 Rfe8 22. Qf3 Qg6 23. Ng2 Ba6 24. Ne3 Nb3 25. Rc7 Re4 26. d6 Rg8 27. Re7 Rd4 28. Re1 Nd2 29. Qg4 Qxg4 30. Nxg4 Nc4 31. Ne3 Nxd6 32. Re6 Rd8 33. Rxd6 R4xd6 34. Bxd6 Rxd6 35. Rd1 1-0

[Event "Gibraltar Masters 18th"]
[Site "Gibraltar"]
[Date "2020.01.22"]
[Round "2.16"]
[White "Abdumalik, Zhansaya"]
[Black "Tabatabaei, M.Amin"]
[Result "1-0"]
[ECO "B81"]
[WhiteElo "2471"]
[BlackElo "2638"]
[PlyCount "86"]
[EventDate "2020.01.21"]
[EventType "swiss"]
[EventRounds "10"]
[EventCountry "GGB"]
[SourceTitle "BritBase"]
[Source "John Saunders"]
[SourceDate "2021.06.05"]
[SourceVersion "1"]
[SourceVersionDate "2021.06.05"]
[SourceQuality "1"]
[TimeControl "40/100:0"]
[WhiteClock "0:08:02"]
[BlackClock "0:05:24"]

1. e4 c5 2. Nf3 d6 3. d4 cxd4 4. Nxd4 Nf6 5. Nc3 a6 6. h3 e6 7. g4 h6 8. Bg2 Be7 9. b3 Nc6 10. Bb2 Qc7 11. Qd2 Nxd4 12. Qxd4 b5 13.
O-O-O Bb7 14. Kb1 Rc8 15. f4 e5 16. Qd2 exf4 17. Nd5 Bxd5 18. exd5 O-O 19. Rde1 Bd8 20. Re2 Nd7 21. Qxf4 Bf6 22. Bxf6 Nxf6 23. h4 Rfe8 24. Rf2 Re5 25. g5 Nh5 26. Qf3 g6 27. gxh6 Qe7 28. Bh3 Rc7 29. Bg4 Re3 30. Qd1 Ng3 31. Rg1 Qxh4 32. Rf3 Rcc3 33. h7+ Kxh7 34. Rgxg3 Qxg3 35. Rxg3 Rxg3 36.
Qd4 Rce3 37. Kb2 Re5 38. Qf4 Rxg4 39. Qxg4 Rxd5 40. Qd7 Kg7 41. Qc6 Rf5 42. Qxa6 g5 43. Qxd6 Rf4 1-0

[Event "Gibraltar Masters 18th"]
[Site "Gibraltar"]
[Date "2020.01.22"]
[Round "2.17"]
[White "Cramling, Pia"]
[Black "Paravyan, David"]
[Result "0-1"]
[ECO "D82"]
[WhiteElo "2470"]
[BlackElo "2629"]
[PlyCount "75"]
[EventDate "2020.01.21"]
[EventType "swiss"]
[EventRounds "10"]
[EventCountry "GGB"]
[SourceTitle "BritBase"]
[Source "John Saunders"]
[SourceDate "2021.06.05"]
[SourceVersion "1"]
[SourceVersionDate "2021.06.05"]
[SourceQuality "1"]
[TimeControl "40/100:0"]
[WhiteClock "0:00:51"]
[BlackClock "0:01:03"]

1. d4 Nf6 2. c4 g6 3. Nc3 d5 4. Bf4 Bg7 5. e3 c5 6. dxc5 Qa5 7. Rc1 Nbd7 8.
Qa4 Qxc5 9. b4 Qc6 10. Qxc6 bxc6 11. cxd5 cxd5 12. Bb5 Bb7 13.
Nf3 O-O 14. O-O Rfc8 15. Ne5 Nb6 16. Na4 Ne4 17. Nc5 g5 18.
Bg3 Nxg3 19. hxg3 Bxe5 20. Nxb7 Bc3 21. a3 Bb2 22. Rb1 Rc2 23.
Na5 Bxa3 24. Nc6 a6 25. Nd4 Rb2 26. Bc6 Rb8 27. Ra1 Bxb4 28.
Rxa6 Bc5 29. Nf5 e6 30. Rc1 Nc4 31. Ra8 Rxa8 32. Bxa8 Rb8 33. Bc6 Ba3 34. Rc3 Bb4 35. Rc2 exf5 36. Bxd5 Ne5 37. f3 Bd6 38. Kf2 0-1

[Event "Gibraltar Masters 18th"]
[Site "Gibraltar"]
[Date "2020.01.22"]
[Round "2.18"]
[White "Paehtz, Elisabeth"]
[Black "Durarbayli, Vasif"]
[Result "0-1"]
[ECO "D02"]
[WhiteElo "2467"]
[BlackElo "2625"]
[PlyCount "109"]
[EventDate "2020.01.21"]
[EventType "swiss"]
[EventRounds "10"]
[EventCountry "GGB"]
[SourceTitle "BritBase"]
[Source "John Saunders"]
[SourceDate "2021.06.05"]
[SourceVersion "1"]
[SourceVersionDate "2021.06.05"]
[SourceQuality "1"]
[TimeControl "40/100:0"]
[WhiteClock "0:01:08"]
[BlackClock "1:10:22"]

1. d4 Nf6 2. Nf3 e6 3. Bf4 d5 4. e3 Bd6 5. Bg3 c5 6. Nbd2 O-O 7. Bxd6 Qxd6 8. dxc5 Qxc5 9. c4 Nc6 10. a3 Rd8 11. cxd5 Nxd5 12. Rc1 Qe7 13. Bb5 e5 14. Qc2 Bd7 15. O-O Ncb4 16. Qc4 Nb6 17. Qe2 Bxb5 18. Qxb5 Nd3 19. Rc3 Rd5 20. Qb3 Rad8 21. Ne4 h6 22. Ne1 Nxe1 23. Rxe1 Qd7 24. Rcc1 Na4 25. Qc2 b6 26. f3 Nc5 27. Nxc5 Rxc5 28. Qe2 Rd5 29. Rc2 Rd3 30. e4 Qa4 31. h3 Re3 32. Qxe3 Qxc2 33. Re2 Qb1+ 34. Kh2 Rd3 35. Qf2 Rd1 36. Rd2 Rh1+ 37. Kg3 Qc1 38. Qe3 Kh7 39. Re2 Qf1 40. Qf2 Qd1 41. Qe3 g5 42. Rd2 Qc1 43. Re2 Qf1 44. Rd2 Kg6 45. Rd6+ f6 46. Qd2 Qg1 47. Rxf6+ Kh5 48. Rxh6+ Kxh6 49. Kg4 Qc5 50. Qxg5+ Kh7 51.
Qf5+ Kg7 52. Qd7+ Kf6 53. Qxa7 Qf2 54. Kh5 Qe3 55. f4 0-1

[Event "Gibraltar Masters 18th"]
[Site "Gibraltar"]
[Date "2020.01.22"]
[Round "2.19"]
[White "Vocaturo, Daniele"]
[Black "Batsiashvili, Nino"]
[Result "0-1"]
[ECO "C78"]
[WhiteElo "2622"]
[BlackElo "2456"]
[PlyCount "132"]
[EventDate "2020.01.21"]
[EventType "swiss"]
[EventRounds "10"]
[EventCountry "GGB"]
[SourceTitle "BritBase"]
[Source "John Saunders"]
[SourceDate "2021.06.05"]
[SourceVersion "1"]
[SourceVersionDate "2021.06.05"]
[SourceQuality "1"]
[TimeControl "40/100:0"]
[WhiteClock "0:01:46"]
[BlackClock "0:23:38"]

1. e4 e5 2. Nf3 Nc6 3. Bb5 a6 4. Ba4 Nf6 5. O-O Bc5 6. c3 O-O 7. d4 Ba7 8. Bg5 h6 9. Bh4 exd4 10. Re1 d6 11. Bxc6 bxc6 12. Nxd4 g5 13.
Bg3 Bg4 14. Qd3 Qd7 15. Nd2 Rfe8 16. Nc4 Nxe4 17. Rxe4 Rxe4 18. Qxe4 d5 19. Qd3 dxc4 20. Qxc4 Re8 21. h3 c5 22. Qxa6 cxd4 23. Qxa7 d3 24. hxg4 d2 25. f3 d1=Q+ 26. Rxd1 Qxd1+ 27. Kh2 Qf1 28. Qg1 Qxg1+ 29. Kxg1 c5 30. Bd6 c4 31. b3 Re6 32. Bc5 Ra6 33. bxc4 Rxa2 34. Bd4 Kf8 35. Bf6 Ra6 36. Bd4 Ke7 37. Kf2 Rc6 38. c5 Re6 39. g3 Kd7 40. f4 Kc6 41. f5 Re8 42. Kf3 Kd5 43.
Bg7 Rc8 44. Bd4 Re8 45. Be3 Kc4 46. Bd4 Kd3 47. Bg7 Rg8 48.
Bf6 Rc8 49. Be7 Rc6 50. Bf8 Kxc3 51. Ke4 Kc4 52. Ke5 f6+ 53. Ke4 Rc7 54. c6 Rxc6 55. Bxh6 Rc7 56. Bxg5 fxg5 57. f6 Ra7 58. Ke5 Ra3 59. Ke4 Ra1 60. Kf5 Kd5 61. Kxg5 Ke6 62. Kg6 Rg1 63. f7 Rf1 64. g5 Rxf7 65. Kh6 Rf3 66. g4 Ke5 0-1

[Event "Gibraltar Masters 18th"]
[Site "Gibraltar"]
[Date "2020.01.22"]
[Round "2.20"]
[White "Javakhishvili, Lela"]
[Black "Chigaev, Maksim"]
[Result "0-1"]
[ECO "E60"]
[WhiteElo "2463"]
[BlackElo "2616"]
[PlyCount "106"]
[EventDate "2020.01.21"]
[EventType "swiss"]
[EventRounds "10"]
[EventCountry "GGB"]
[SourceTitle "BritBase"]
[Source "John Saunders"]
[SourceDate "2021.06.05"]
[SourceVersion "1"]
[SourceVersionDate "2021.06.05"]
[SourceQuality "1"]
[TimeControl "40/100:0"]
[WhiteClock "0:15:14"]
[BlackClock "0:14:22"]

1. d4 Nf6 2. c4 g6 3. Nf3 Bg7 4. g3 c5 5. d5 b5 6. cxb5 Qa5+ 7. Bd2 Qxb5 8.
Nc3 Qb6 9. Bg2 d6 10. O-O Nbd7 11. Rb1 O-O 12. b4 cxb4 13. Na4 Qa6 14. Bxb4 Nb6 15. Nxb6 axb6 16. Nd4 Qxa2 17. Nc6 Re8 18. Bc3 Qc4 19. Rc1 Qg4 20. Qb3 Qh5 21. Qb2 Kf8 22. e4 Qh6 23. Bd2 Qxh2+ 24. Kxh2 Ng4+ 25. Kg1 Bxb2 26. Rb1 Ba3 27. Bb4 Ba6 28. Rfd1 Be2 29. Rd2 Bxb4 30. Nxb4 Bc4 31. Nc6 b5 32. Bf1 Ra4 33. Bxc4 bxc4 34. Rc2 Rea8 35. f3 Ra1 36. Rcc1 Rxb1 37. Rxb1 Ne5 38. Nxe5 dxe5 39. Rc1 Rc8 40. Rc3 Ke8 41. Kf2 Kd7 42. Ke3 e6 43. dxe6+ Kxe6 44. Kd2 f5 45. Kc2 fxe4 46. fxe4 Kf6 47. Rf3+ Kg5 48. Rf7 h5 49. Re7 Rc5 50. Kc3 Kg4 51. Re6 g5 52. Rg6 Rc8 53. Rg7 Rd8 0-1